 Dungeon Crawl Stone Soup version 0.29-a0-541-gaf1fc19f1b (webtiles) character file.

Game seed: 10127013693211288006

18 Hubjo the Firebug (level 2, -1/16 HPs)
             Began as a Deep Elf Fire Elementalist on June 2, 2022.
             Was a Follower of Fedhas.
             Slain by a quokka (3 damage)
             ... on level 1 of the Dungeon.
             The game lasted 00:00:37 (853 turns).

Hubjo the Firebug (Deep Elf Fire Elementalist)       Turns: 853, Time: 00:00:37

Health: -1/16      AC:  2    Str:  5    XL:     2   Next: 51%
Magic:  8/8        EV: 12    Int: 19    God:    Fedhas [*.....]
Gold:   13         SH:  0    Dex: 15    Spells: 6/7 levels left

rFire   . . .      SeeInvis .   (no weapon)
rCold   . . .      Faith    .   (no shield)
rNeg    . . .      Spirit   .   a - +0 robe
rPois   .          Reflect  .   (no helmet)
rElec   .          Harm     .   (no cloak)
rCorr   .          Rampage  .   (no gloves)
Will    .....                   (no boots)
Stlth   ++........              (no amulet)
HPRegen 0.05/turn               (no ring)
MPRegen 0.11/turn               (no ring)

@: no status effects
A: no striking features
a: Renounce Religion


You were on level 1 of the Dungeon.
You worshipped Fedhas.
Fedhas was aware of your devotion.
You visited 1 branch of the dungeon, and saw 1 of its levels.

You collected 13 gold pieces.

Inventory:

Armour
 a - a +0 robe (worn)
Jewellery
 d - an amulet of guardian spirit
Scrolls
 c - a scroll of immolation {unknown}
 g - a scroll of identify {unknown}
 h - a scroll of amnesia {unknown}
 i - a scroll of brand weapon {unknown}
Potions
 b - a potion of magic
 e - a potion of curing {unknown}
 f - a potion of haste {unknown}


   Skills:
 * Level 1.0 Fighting
 - Level 2.4 Dodging
 + Level 2.8 Stealth
 + Level 3.3 Spellcasting
 - Level 1.1 Conjurations
 + Level 3.5 Fire Magic


You had 6 spell levels left.
You knew the following spells:

 Your Spells              Type           Power      Damage    Failure   Level
a - Foxfire               Conj/Fire      44%        2x1d6     6%          1

Your spell library contained the following spells:

 Spells                   Type           Power      Damage    Failure   Level
 Scorch                   Fire           32%        2d7       5%          2
 Slow                     Hex            12%        N/A       16%         1
 Conjure Flame            Conj/Fire      11%        6-21      17%         3
 Inner Flame              Hex/Fire       9%         N/A       22%         3
 Confusing Touch          Hex            3%         N/A       41%         3
 Vampiric Draining        Necr           3%         2d6       41%         3
 Flame Wave               Conj/Fire      11%        2d5       50%         4


Dungeon Overview and Level Annotations

Branches:
Dungeon (1/15)

Altars:
Fedhas


Message History

The quokka bites you but does no damage.
A quokka is nearby!
A quokka is nearby!
The quokka bites you. The quokka closely misses you.
The quokka closely misses you. The quokka bites you. The quokka bites you.
The quokka splashes around in the water.
The quokka misses you. The quokka closely misses you. The quokka misses you. x2
The quokka barely misses you. The quokka bites you.
The quokka closely misses you. The quokka bites you.
The quokka bites you but does no damage.
The quokka closely misses you. The quokka closely misses you.
The quokka bites you but does no damage.
The quokka closely misses you. The quokka bites you.
* * * LOW HITPOINT WARNING * * *
The quokka barely misses you.
The quokka splashes around in the water.
The quokka barely misses you. The quokka closely misses you.
The quokka barely misses you. The quokka closely misses you.
The quokka barely misses you. The quokka misses you.
The quokka barely misses you. The quokka misses you. The quokka misses you.
The quokka barely misses you.
The quokka splashes around in the water. x2
The quokka misses you. The quokka bites you.
* * * LOW HITPOINT WARNING * * *
The quokka bites you.
You die...
Fedhas appreciates your contribution to the ecosystem.

.#### ....# #+#### #
.#.# ....#
#......#.#####.#.# ....#
#.......#.....#..# ....#
#......#≈.....≈..# #####
#.....#.≈≈...≈.≈#. #
#....#..≈.≈≈≈.≈..# #
+....#≈≈≈r≈≈.≈...#
##.####........≈@.≈....#
##.#......[#≈≈≈≈≈≈.≈...#
.#.#.......#..≈.†≈≈.≈..#
.#.#....#...#.≈≈...≈.≈#.
.#.#.......#.#≈.....≈..#
.#.#.#####.#..#.....#.##
...#...........#####.##
...####.....#.#... ##
...#........#.###.


You could see a quokka.

Vanquished Creatures
  A dart slug (D:1)
  A bat (D:1)
  A giant cockroach (D:1)
  4 goblins (D:1)
  2 hobgoblins (D:1)
  2 kobolds (D:1)
  A quokka (D:1)
  A rat (D:1)
13 creatures vanquished.

Vanquished Creatures (others)
  94 foxfires (D:1)
94 creatures vanquished.

Grand Total: 107 creatures vanquished

Notes
Turn   | Place    | Note
-------+----------+-------------------------------------------
     0 | D:1      | Hubjo the Deep Elf Fire Elementalist began the quest for
                  | the Orb.
     0 | D:1      | Reached XP level 1. HP: 10/10 MP: 6/6
   453 | D:1      | Reached XP level 2. HP: 16/16 MP: 0/8
   782 | D:1      | Found a faded altar of an unknown god.
   789 | D:1      | Reached skill level 1 in Fighting
   822 | D:1      | Prayed at the altar of an unknown god.
   822 | D:1      | Became a worshipper of Fedhas Madash
   822 | D:1      | Reached * piety under Fedhas
   853 | D:1      | Slain by a quokka

Illustrated notes

Levels and vault maps discovered:
D:1:      nicolae_arrival_somewhat_less_tricky_arrival, layout_basic,
          shapermc_ecumenical_altar_starsandcircs, minmay_misc_feat_rows

Skill      XL: |  1  2 |
---------------+-------+-----
Fighting       | 1 |  1.0
Dodging        | |  2.4
Stealth        | |  2.8
Spellcasting   | |  3.3
Conjurations   | |  1.1
Fire Magic     | |  3.5

Action                   || total
-------------------------++-------
Melee: Unarmed           ||     1
 Cast: Foxfire           ||    53
Armor: Robe              ||     3
Dodge: Dodged            ||    26

Table legend: (Time is in decaauts)
 A = Elapsed time spent in this place.
 B = Non-inter-level travel time spent in this place.
 C = Inter-level travel time spent in this place.
 D = Time resting spent in this place.
 E = Time spent auto-exploring this place.
 F = Levels seen in this place.
 G = Mean time per level.
                   A        B        C        D        E       F      G
               +--------+--------+--------+--------+--------+-----+--------+
         Total |    855 |    855 |      0 |      0 |    699 |   1 |  855.0 |
       Dungeon |    855 |    855 |      0 |      0 |    699 |   1 |  855.0 |
               +--------+--------+--------+--------+--------+-----+--------+

Top non-repeatable levels by time:
     D:1: 855 daAuts
